 Dungeon Crawl Stone Soup version 0.23-a0-29-g1be82e5 (webtiles) character file.

16172 galech the Cleaver (level 12, -13/106 (107) HPs)
             Began as a Minotaur Fighter on Aug 3, 2018.
             Was a Priest of Makhleb.
             Killed from afar by an ogre mage (34 damage)
             ... with a bolt of poison
             ... while paralysed by an orc sorcerer
             ... on level 2 of the Orcish Mines.
             The game lasted 00:15:35 (7708 turns).

galech the Cleaver (Minotaur Fighter)               Turns: 7708, Time: 00:15:36

HP:   -13/106 (107) AC: 10    Str: 23    XL:     12   Next: 7%
MP:   16/16         EV:  2    Int: 13    God:    Makhleb [***...]
Gold: 543           SH:  0    Dex: 15    Spells: 11/11 levels left

rFire    . . .     SeeInvis .   b - +3 hand axe (chop)
rCold    + . .     Gourm    .   c - +0 shield
rNeg     . . .     Faith    .   F - +1 leather armour "Earthly Heaven" {rC+ Regen+ Dex+2}
rPois    .         Spirit   .   K - +2 hat of the Sun {Regen+ Int+4}
rElec    .         Reflect  +   (no cloak)
rCorr    .         Harm     .   v - +0 pair of gloves
MR       .....                  C - +0 pair of boots
Stlth    ++........             D - +3 amulet of reflection
HPRegen  1.07/turn              x - +4 ring of intelligence
MPRegen  0.15/turn              (no ring)

@: paralysed, lethally poisoned (-13 -> -14)
A: retaliatory headbutt, horns 2, deterioration 1
a: Minor Destruction, Lesser Servant of Makhleb, Renounce Religion


You were on level 2 of the Orcish Mines.
You worshipped Makhleb.
Makhleb was most pleased with you.
You were hungry.

You visited 3 branches of the dungeon, and saw 12 of its levels.

You collected 758 gold pieces.
You spent 215 gold pieces at shops.

Inventory:

Hand Weapons
 b - a +3 hand axe of chopping (weapon)
Armour
 c - a +0 shield (worn)
 v - a +0 pair of gloves (worn)
 C - a +0 pair of boots (worn)
 F - the +1 leather armour "Earthly Heaven" (worn) {rC+ Regen+ Dex+2}
   (You found it on level 6 of the Dungeon)

   It affects your dexterity (+2).
   It protects you from cold.
   It increases your rate of regeneration.
 I - a +1 hat of see invisible
 J - +0 steam dragon scales
 K - the +2 hat of the Sun (worn) {Regen+ Int+4}
   (You found it on level 8 of the Dungeon)

   It affects your intelligence (+4).
   It increases your rate of regeneration.
Jewellery
 p - an uncursed amulet of the acrobat
 s - an uncursed ring of ice
 u - an uncursed ring of ice
 x - a +4 ring of intelligence (left hand)
 D - a +3 amulet of reflection (around neck)
Wands
 o - a wand of clouds (6)
 w - a wand of enslavement (21)
 E - a wand of iceblast (10)
Scrolls
 e - a scroll of random uselessness
 g - 6 scrolls of enchant armour
 h - a scroll of enchant weapon
 i - 2 scrolls of magic mapping
 k - a scroll of fog
 t - 2 scrolls of remove curse
Potions
 a - a potion of magic
 d - 2 potions of might
 j - 3 potions of haste
 l - 2 potions of cancellation
 m - 2 potions of agility {unknown}
 n - a potion of brilliance {unknown}
 r - 3 potions of lignification {unknown}
 z - 3 potions of flight {unknown}
 A - 2 potions of curing {unknown}
 B - a potion of ambrosia {unknown}
 H - a potion of resistance {unknown}
Comestibles
 f - 18 rations
 G - 9 chunks of flesh


   Skills:
 + Level 10.5 Fighting
 + Level 12.0 Axes
 + Level 11.0 Armour
 - Level 3.1 Dodging
 - Level 1.6 Stealth
 + Level 11.1 Shields
 + Level 7.5 Invocations


You had 11 spell levels left.
You didn't know any spells.
Your spell library contained the following spells:

 Spells                   Type           Power        Failure   Level  Hunger
 Magic Dart               Conj           #...         50%         1    ##.....
 Conjure Flame            Conj/Fire      #.......     86%         3    ####...
 Slow                     Hex            #.......     65%         2    ###....
 Confuse                  Hex            #.......     86%         3    ####...
 Mephitic Cloud           Conj/Pois/Air  #.......     86%         3    ####...
 Blink                    Tloc           N/A          65%         2    ###....
 Iskenderun's Mystic Bla  Conj           #.......     99%         4    #####..
 Call Imp                 Summ           #.......     65%         2    ###....
 Tukima's Dance           Hex            #.......     86%         3    ####...
 Ensorcelled Hibernation  Hex/Ice        #.....       65%         2    ###....
 Corona                   Hex            #......      50%         1    ##.....
 Fulminant Prism          Conj/Hex       #.........   99%         4    #####..
 Dazzling Spray           Conj/Hex       #.....       86%         3    ####...
 Force Lance              Conj/Tloc      #.......     99%         4    #####..
 Searing Ray              Conj           #.....       65%         2    ###....


Dungeon Overview and Level Annotations

Branches:
Dungeon (9/15)             Temple (1/1) D:4            Lair (0/6) D:8
    Orc (2/2) D:9
    Elf: Orc:2

Altars:
Ashenzari
Cheibriados
Dithmenos
Elyvilon
Fedhas
Gozag
Hepliaklqana
Kikubaaqudgha
Makhleb
Nemelex Xobeh
Okawaru
Qazlal
Ru
Sif Muna
Trog
Uskayaw
Vehumet
Wu Jian
Xom
Yredelemnul
Zin
The Shining One
Jiyva

Shops:
D:4 (   Orc:2 [?[

Annotations:
D:8 1 transporter


Innate Abilities, Weirdness & Mutations

You reflexively headbutt those who attack you in melee.
You have a pair of horns on your head.
Your body sometimes deteriorates upon taking damage.


Message History

Your surroundings suddenly seem different.
An orc priest comes into view. It is wielding a club.
An orc priest comes into view. It is wielding a falchion.
An orc warrior comes into view. It is wielding a halberd.
Found 20 gold pieces.
An orc wizard comes into view. It is wielding a dagger.
The orc warrior shouts!
The orc priest shouts!
The orc priest looks encouraged for a moment.
An orc comes into view. It is wielding a dagger.
As you read the scroll of teleportation, it crumbles to dust.
You feel strangely unstable.
The orc priest shouts!
You hear a shout!
Your surroundings suddenly seem different.
The orc sorcerer casts a spell at you.
You suddenly lose the ability to move!
You hear some strange, mumbled words.
A bolt of poison appears from out of thin air!
The bolt of poison hits you!
You are poisoned.
You die...

###################
##...#..##.........##
....................#
.....................#
.............@..........
.........)........#......
........<....O#........##.#
........)....o.............#
#.......)))#<.....#........#
$............T..4..........#.#
.............<..#.............
............T.....#...........
.
...(..........4OTO............


You could see a two-headed ogre, a deep troll, an orange demon, a troll and an
orc sorcerer.

Vanquished Creatures
  Gastronok (D:8)
  A stone giant (D:9)
  A great orb of eyes (D:9)
  4 two-headed ogres (Orc:2)
  A centaur warrior (D:9)
  An ogre mage (Orc:2)
  A flayed ghost (D:9)
  A deep troll (Orc:1)
  A cyclops (Orc:2)
  Joseph (D:8)
  Psyche (D:8)
  2 trolls (Orc:2)
  3 hippogriffs
  A spriggan (D:9)
  A steam dragon (D:8)
  2 hungry ghosts
  A water moccasin (D:9)
  5 orc warriors
  A sky beast (D:5)
  2 ice beasts
  2 phantoms
  An eye of draining (shapeshifter) (D:9)
  A black bear (D:7)
  18 ogres
  3 necrophages
  A centaur (D:8)
  2 bullfrogs
  3 scorpions
  6 killer bees (D:8)
  9 wights
  A crimson imp (D:7)
  A bullfrog zombie (D:7)
  2 bullfrog skeletons
  5 orc priests
  5 hounds
  An iguana (D:8)
  8 orc wizards
  4 worker ants
  2 hound skeletons
  6 adders (D:2)
  3 gnolls
  A howler monkey skeleton (D:9)
  3 shadow imps
  2 adder skeletons
  2 worms
  2 dart slugs
  3 leopard geckos
  27 orcs
  4 bats
  5 giant cockroaches
  5 goblins
  10 hobgoblins
  9 jackals
  4 quokkas
  A ball python (D:1)
  2 frilled lizards (D:2)
  8 kobolds
  9 rats
213 creatures vanquished.

Vanquished Creatures (others)
  A centaur warrior (D:9)
1 creature vanquished.

Grand Total: 214 creatures vanquished

Notes
Turn   | Place    | Note
-------+----------+-------------------------------------------
     0 | D:1      | galech the Minotaur Fighter began the quest for the Orb.
     0 | D:1      | Reached XP level 1. HP: 19/19 MP: 0/0
   167 | D:1      | Reached XP level 2. HP: 19/27 MP: 1/1
   886 | D:2      | Reached skill level 3 in Axes
   907 | D:2      | Reached XP level 3. HP: 33/33 MP: 2/2
  1127 | D:2      | Reached XP level 4. HP: 22/40 MP: 3/3
  1731 | D:3      | Found a sacrificial altar of Ru.
  1757 | D:3      | Reached skill level 4 in Axes
  1821 | D:3      | Reached XP level 5. HP: 43/46 MP: 4/4
  1824 | D:3      | Reached skill level 5 in Shields
  2133 | D:4      | Reached skill level 1 in Dodging
  2136 | D:4      | Reached skill level 5 in Axes
  2186 | D:4      | Found Tifil's Weapon Boutique.
  2188 | D:4      | Noticed an ogre
  2195 | D:4      | Killed an ogre
  2195 | D:4      | Reached XP level 6. HP: 40/52 MP: 5/5
  2207 | D:4      | Found a snail-covered altar of Cheibriados.
  2376 | D:4      | Found a staircase to the Ecumenical Temple.
  2386 | D:4      | Reached skill level 5 in Armour
  2391 | Temple   | Entered the Ecumenical Temple
  2453 | Temple   | Became a worshipper of Makhleb the Destroyer
  2794 | D:5      | Entered Level 5 of the Dungeon
  2801 | D:5      | Reached skill level 6 in Axes
  2977 | D:4      | Bought a +3 hand axe of chopping for 215 gold pieces
  3083 | D:5      | Reached XP level 7. HP: 55/60 MP: 6/6
  4045 | D:6      | Got a translucent leather armour
  4056 | D:6      | Identified the cursed +1 leather armour "Earthly Heaven" {rC+ Regen+ Dex+2} (You found it on level 6 of the Dungeon)
  4075 | D:6      | Reached skill level 7 in Axes
  4509 | D:7      | Reached skill level 1 in Stealth
  4513 | D:7      | Reached skill level 5 in Fighting
  4514 | D:7      | Noticed a hippogriff
  4543 | D:6      | Killed a hippogriff
  4543 | D:6      | Reached XP level 8. HP: 24/68 MP: 7/7
  4718 | D:6      | Reached skill level 8 in Axes
  4725 | D:7      | Reached * piety under Makhleb
  4812 | D:7      | Reached skill level 1 in Invocations
  4996 | D:7      | Reached XP level 9. HP: 75/75 MP: 9/9
  5265 | D:8      | Noticed Gastronok
  5266 | D:8      | Found a staircase to the Lair.
  5289 | D:8      | Killed Gastronok
  5289 | D:8      | Reached skill level 9 in Axes
  5438 | D:8      | Found a viscous altar of Jiyva.
  5506 | D:8      | Noticed Joseph
  5507 | D:8      | Found a transporter.
  5522 | D:8      | Killed Joseph
  5522 | D:8      | Reached XP level 10. HP: 82/88 MP: 12/12
  5659 | D:8      | Reached skill level 10 in Axes
  5662 | D:8      | Reached ** piety under Makhleb
  5748 | D:8      | Got a jewelled hat
  5759 | D:8      | Identified the +2 hat of the Sun {Regen+ Int+4} (You found it on level 8 of the Dungeon)
  5878 | D:8      | Noticed Psyche
  5885 | D:8      | Killed Psyche
  6049 | D:9      | Reached skill level 5 in Invocations
  6055 | D:9      | Found a staircase to the Orcish Mines.
  6133 | D:9      | Noticed a great orb of eyes
  6139 | D:9      | Paralysed by a great orb of eyes for 2 turns
  6149 | D:9      | Killed a great orb of eyes
  6247 | D:9      | Noticed a centaur warrior
  6248 | D:9      | Noticed a flayed ghost
  6248 | D:9      | Killed a centaur warrior
  6262 | D:9      | Killed a flayed ghost
  6262 | D:9      | Reached XP level 11. HP: 85/96 MP: 14/14
  6291 | D:9      | Noticed a centaur warrior
  6304 | D:9      | Killed a centaur warrior
  6304 | D:9      | Reached skill level 11 in Axes
  6304 | D:9      | Reached skill level 10 in Shields
  6486 | D:9      | Noticed a stone giant
  6505 | D:9      | Killed a stone giant
  6505 | D:9      | Reached skill level 10 in Armour
  6533 | D:9      | Reached *** piety under Makhleb
  6610 | D:9      | Found a stormy altar of Qazlal.
  6890 | Orc:1    | Entered Level 1 of the Orcish Mines
  6948 | Orc:2    | Entered Level 2 of the Orcish Mines
  6962 | Orc:2    | Noticed a deep troll
  6989 | Orc:1    | Killed a deep troll
  7047 | Orc:2    | Noticed a two-headed ogre
  7048 | Orc:2    | Noticed a two-headed ogre
  7055 | Orc:2    | Noticed a two-headed ogre
  7063 | Orc:2    | Killed a two-headed ogre
  7229 | Orc:2    | Found Nefemequahy's Armour Boutique.
  7230 | Orc:2    | Noticed a two-headed ogre
  7230 | Orc:2    | Noticed a two-headed ogre
  7235 | Orc:2    | Reached skill level 10 in Fighting
  7247 | Orc:2    | HP: 1/98 [two-headed ogre/giant spiked club (17)]
  7248 | Orc:2    | Killed a two-headed ogre
  7249 | Orc:2    | Killed a two-headed ogre
  7348 | Orc:2    | Noticed an ogre mage
  7400 | Orc:2    | Killed an ogre mage
  7434 | Orc:2    | Noticed a two-headed ogre
  7468 | Orc:2    | Killed a two-headed ogre
  7468 | Orc:2    | Reached XP level 12. HP: 15/106 MP: 16/16
  7589 | Orc:2    | Reached skill level 12 in Axes
  7600 | Orc:2    | Found Sanlil's Magic Scroll Shop.
  7656 | Orc:2    | Found Vueruigo's Armour Emporium.
  7656 | Orc:2    | Noticed a two-headed ogre
  7690 | Orc:2    | Noticed a two-headed ogre
  7696 | Orc:2    | Noticed an ogre mage
  7696 | Orc:2    | Noticed a two-headed ogre
  7699 | Orc:2    | Gained mutation: Your body sometimes deteriorates upon taking damage. [a neqoxec]
  7707 | Orc:2    | Paralysed by an orc sorcerer for 7 turns
  7708 | Orc:2    | Killed from afar by an ogre mage

Vault maps used:
D:1:      roderic_crossed_star, st_stairs_7, kennysheep_crisscross,
          minivault_27, hex_intersection, chequers_big_river
D:2:      wad_lake_hut, serial_bayou_pond_e
D:3:      first_ration, nicolae_ru_awakened_eye
D:4:      minmay_temple_entry_large_hall, serial_shops, shop,
          minmay_misc_feat_chi, st_stairs_8, kennysheep_slug_shrine
D:7:      cheibrodos_two_vegetables
D:8:      gammafunk_jiyva_shrine, lair_entry_dummy, uniq_joseph, uniq_psyche,
          uniq_gastronok
D:9:      minmay_chopped_fan, nicolae_overflow_crystal_walls, david_orc_3,
          the_bakery, corner_web_ring
Temple:   compressed_dpeg_circular_temple
Orc:1:    cheibrodos_orc_arena, ebering_ghost_gozag, uniq_erica
Orc:2:    st_orc_open

Skill      XL: |  1  2  3  4  5  6  7  8  9 10 11 12 |
---------------+-------------------------------------+-----
Shields        | 4 5 6 7 8 9 11 | 11.1
Axes           | 3 4 5 6 7 8 9 10 11 12 | 12.0
Armour         | 4 5 6 8 9 10 11 | 11.0
Fighting       | 4 5 6 7 9 10 | 10.5
Dodging        | 1 2 3 |  3.1
Stealth        | 1 |  1.6
Invocations    | 1 4 5 7 |  7.5

Action                   |  1- 3 |  4- 6 |  7- 9 | 10-12 || total
-------------------------+-------+-------+-------+-------++-------
Melee: War axe           |   100 |    72 |       |       ||   172
       Headbutt          |    10 |    29 |    54 |    98 ||   191
       Hand axe          |       |    39 |   179 |   361 ||   579
  Use: Scroll            |       |     5 |     1 |    12 ||    18
 Stab: Sleeping          |       |       |       |     3 ||     3
  Eat: Chunk             |     1 |     6 |     8 |     7 ||    22
       Ration            |       |       |     1 |       ||     1
Armor: Scale mail        |    38 |    46 |       |       ||    84
       Plate armour      |       |       |    12 |       ||    12
       Leather armour    |       |       |    23 |    45 ||    68
Dodge: Dodged            |    34 |    31 |    56 |    90 ||   211
Block: Shield            |    67 |    61 |   119 |   241 ||   488
       Reflection        |       |       |     1 |    11 ||    12

Table legend:
 A = Spawn XP
 B = Non-spawn XP
 C = Spawn XP percentage of total XP
 D = Spawn monster count
 E = Non-spawn monster count
 F = Spawn count percentage of total count
 G = Total turns spent on level
                    A         B        C        D         E        F      G
               +---------+---------+-------+---------+---------+-------+---------
         Total |       0 |   23104 |   0.0 |       0 |     214 |   0.0 |  7708
               +---------+---------+-------+---------+---------+-------+---------
           D:1 |       0 |      29 |   0.0 |       0 |      17 |   0.0 |   850
           D:2 |       0 |     127 |   0.0 |       0 |      33 |   0.0 |   812
           D:3 |       0 |      76 |   0.0 |       0 |      13 |   0.0 |   465
           D:4 |       0 |     280 |   0.0 |       0 |       7 |   0.0 |   673
           D:5 |       0 |     455 |   0.0 |       0 |      15 |   0.0 |   845
           D:6 |       0 |     952 |   0.0 |       0 |      17 |   0.0 |   933
           D:7 |       0 |     935 |   0.0 |       0 |      21 |   0.0 |   551
           D:8 |       0 |    4645 |   0.0 |       0 |      24 |   0.0 |   799
           D:9 |       0 |    7274 |   0.0 |       0 |      32 |   0.0 |   861
         Orc:1 |       0 |     703 |   0.0 |       0 |       1 |   0.0 |   119
         Orc:2 |       0 |    7628 |   0.0 |       0 |      34 |   0.0 |   699
               +---------+---------+-------+---------+---------+-------+---------
